 Dungeon Crawl Stone Soup version 0.28-a0-1429-gf3d713df7a (webtiles) character file.

Game seed: 15709051199492404600

6525 Gargoyl the Fighter (level 11, 0/87 HPs)
             Began as a Gnoll Abyssal Knight on Jan 8, 2022.
             Was an Elder of Lugonu.
             Slain by an orc knight (11 damage)
             ... on level 9 of the Dungeon.
             The game lasted 00:10:26 (9574 turns).

Gargoyl the Fighter (Gnoll Abyssal Knight)          Turns: 9574, Time: 00:10:26

Health: 0/87       AC: 15    Str: 18    XL:     11   Next: 1%
Magic:  19/19      EV:  9    Int:  9    God:    Lugonu [****..]
Gold:   408        SH:  5    Dex: 12    Spells: 21/21 levels left

rFire   + . .      SeeInvis .   u - +2 hand axe (distort)
rCold   . . .      Faith    .   (no shield)
rNeg    . . .      Spirit   .   b - +0 chain mail
rPois   .          Reflect  +   (no helmet)
rElec   .          Harm     .   q - +2 cloak
rCorr   +          Rampage  .   (no gloves)
Will    .....                   i - +0 pair of boots
Stlth   ..........              g - amulet of reflection
HPRegen 0.24/turn               G - ring of resist corrosion
MPRegen 0.16/turn               t - ring of protection from fire

@: no status effects
A: fangs 1, strong nose, distributed training
a: Renounce Religion, Depart the Abyss, Bend Space, Banish, Corrupt


You were on level 9 of the Dungeon.
You worshipped Lugonu.
Lugonu was greatly pleased with you.
You visited 1 branch of the dungeon, and saw 9 of its levels.
You visited the Abyss 1 time.

You collected 408 gold pieces.

Inventory:

Hand Weapons
 a - a +1 hand axe
 u - a +2 hand axe of distortion (weapon)
 y - a +0 war axe
Missiles
 d - 3 throwing nets
 j - 39 poisoned darts (quivered)
Armour
 b - a +0 chain mail (worn)
 i - a +0 pair of boots (worn)
 q - a +2 cloak (worn)
 x - a +0 cloak of willpower
Jewellery
 g - an amulet of reflection (around neck)
 t - a ring of protection from fire (right hand)
 E - a +4 ring of evasion
 G - a ring of resist corrosion (left hand)
Wands
 f - a wand of iceblast (5)
 m - a wand of charming (9)
 r - a wand of acid (9)
 w - a wand of digging (6)
 A - a wand of polymorph (3)
 C - a wand of flame (2)
Scrolls
 k - a scroll of identify
 n - 5 scrolls of teleportation
 B - a scroll of fear
Potions
 c - 2 potions of lignification
 e - 2 potions of heal wounds
 h - 2 potions of haste
 l - 3 potions of invisibility
 o - a potion of might
 p - 2 potions of flight {unknown}
 s - 2 potions of ambrosia
 v - 6 potions of curing {unknown}
 z - a potion of resistance {unknown}
 D - 3 potions of brilliance {unknown}
 F - a potion of attraction {unknown}


   Skills:
 + Level 8.9 Fighting
 + Level 5.8 Short Blades
 + Level 5.8 Long Blades
 + Level 7.5 Axes
 + Level 5.8 Maces & Flails
 + Level 5.8 Polearms
 + Level 5.8 Staves
 + Level 5.8 Slings
 + Level 5.8 Bows
 + Level 5.8 Crossbows
 + Level 5.8 Throwing
 + Level 7.5 Armour
 + Level 6.4 Dodging
 + Level 5.8 Stealth
 + Level 5.8 Shields
 + Level 5.8 Unarmed Combat
 + Level 5.8 Spellcasting
 + Level 4.8 Conjurations
 + Level 4.8 Hexes
 + Level 4.8 Summonings
 + Level 4.8 Necromancy
 + Level 4.8 Translocations
 + Level 4.8 Transmutations
 + Level 4.8 Fire Magic
 + Level 4.8 Ice Magic
 + Level 4.8 Air Magic
 + Level 4.8 Earth Magic
 + Level 4.8 Poison Magic
 + Level 7.9 Invocations
 + Level 5.8 Evocations


You had 21 spell levels left.
You didn't know any spells.
Your spell library contained the following spells:

 Spells                   Type           Power      Damage    Failure   Level
 Sting                    Tmut/Pois      44%        1d5       30%         1
 Poisonous Vapours        Pois/Air       22%        N/A       43%         2
 Call Canine Familiar     Summ           11%        N/A       67%         3
 Portal Projectile        Hex/Tloc       22%        N/A       67%         3
 Leda's Liquefaction      Hex/Erth       5%         N/A       97%         4
 Olgreb's Toxic Radiance  Pois           11%        N/A       97%         4
 Blade Hands              Tmut           5%         N/A       100%        5
 Irradiate                Conj/Tmut      5%         3d15      100%        5
 Dragon Form              Tmut           5%         N/A       100%        7


Dungeon Overview and Level Annotations

Branches:
Dungeon (9/15)             Temple (0/1) D:7            Lair (0/6) D:8
    Orc: D:9-12

Altars:
Ashenzari
Cheibriados
Elyvilon
Gozag
Makhleb
Ru
Wu Jian
Xom
Zin
The Shining One

Annotations:
Abyss:1 Harold, Pikel


Innate Abilities, Weirdness & Mutations

You have very sharp teeth.
Your uncanny sense of smell can sniff out nearby items.
Your experience applies equally to all skills.


Message History

* * * LOW HITPOINT WARNING * * *
Unknown command.
You hit the orc knight.
The orc knight is severely wounded.
The orc knight hits you with a +3 dire flail!
* * * LOW HITPOINT WARNING * * *
Unknown command.
You hit the orc knight but do no damage.
Space warps horribly around the orc knight!
The orc knight is almost dead.
The orc knight barely misses you.
Unknown command.
You hit the orc knight but do no damage.
You bite the orc knight, but do no damage.
The orc knight is almost dead.
You hit the centaur zombie.
The centaur zombie blinks!
The orc knight hits you with a +3 dire flail!
* * * LOW HITPOINT WARNING * * *
Unknown command.
You hit the orc knight but do no damage.
The orc knight is almost dead.
You hit the centaur zombie.
Space warps around the centaur zombie.
You block the centaur zombie's attack.
The centaur zombie kicks you but does no damage.
The orc knight barely misses you.
Unknown command.
You closely miss the orc knight.
The orc knight is almost dead.
You hit the centaur zombie.
Space warps horribly around the centaur zombie!
You destroy the centaur zombie!
Lugonu accepts your kill. The orc knight closely misses you.
You feel much better.
The orc knight hits you with a +3 dire flail!
* * * LOW HITPOINT WARNING * * *
You closely miss the orc knight.
The orc knight is almost dead.
The orc knight hits you with a +3 dire flail!
You die...

#. #.≈ ## #.≈≈##.
≈≈ ...≈≈#.. .#≈≈
...≈≈#.. ∆∆ .#≈≈
...≈≈#.. ∆∆ ..#≈
...≈≈#..####..# ≈
...≈≈##.@o...# ≈≈
...≈≈≈##....##≈≈≈
....≈≈8##''##8≈≈.
....≈≈≈.8..8.≈≈≈.
.####≈≈≈....≈≈≈..
#.≈≈≈<.≈≈≈...
......≈≈≈≈≈≈..##
#......≈≈≈≈.....
+..............)


You could see an orc knight.

Vanquished Creatures
  A manticore (D:8)
  Psyche (D:8)
  A komodo dragon (D:8)
  Prince Ribbit (D:6)
  A wyvern (D:9)
  A steam dragon (D:8)
  A water moccasin (D:7)
  Duvessa (D:6)
  A black bear (D:6)
  2 ice beasts
  2 necrophages
  A sky beast (D:6)
  4 ogres
  A centaur (D:6)
  A lemure (D:8)
  2 kobold brigands (D:8)
  A bullfrog (D:8)
  6 scorpions
  Dowan (D:6)
  A water moccasin skeleton (D:6)
  A wyvern skeleton (D:7)
  An electric eel (D:9)
  5 howler monkeys
  2 centaur zombies
  2 centaur skeletons
  A jelly (D:5)
  A gnoll shaman (D:6)
  Crazy Yiuf (D:3)
  4 orc priests
  A hound (D:5)
  An iguana (D:6)
  Natasha (D:3)
  Ijyb (D:3)
  5 orc wizards
  6 adders
  11 gnolls
  A howler monkey skeleton (D:5)
  2 shadow imps
  4 white imps
  An ufetubus (D:7)
  3 dart slugs
  20 orcs
  8 endoplasms
  4 giant cockroaches
  7 goblins
  7 hobgoblins
  2 jackals (D:5)
  14 kobolds
  5 quokkas
  5 ball pythons
  6 bats
  4 frilled lizards
  3 rats
171 creatures vanquished.

Vanquished Creatures (others)
  A howler monkey (D:8)
  44 plants (D:8)
45 creatures vanquished.

Grand Total: 216 creatures vanquished

Notes
Turn   | Place    | Note
-------+----------+-------------------------------------------
     0 | Abyss:1  | Gargoyl the Gnoll Abyssal Knight began the quest for the
                  | Orb.
     0 | Abyss:1  | Reached XP level 1. HP: 23/23 MP: 3/3
     0 | D:1      | Escaped the Abyss
   136 | D:1      | Reached XP level 2. HP: 29/29 MP: 5/5
   178 | D:1      | Reached * piety under Lugonu
   316 | D:1      | Reached XP level 3. HP: 35/35 MP: 6/6
  1234 | D:2      | Reached skill level 1 in Short Blades
  1234 | D:2      | Reached skill level 1 in Long Blades
  1234 | D:2      | Reached skill level 1 in Maces & Flails
  1234 | D:2      | Reached skill level 1 in Polearms
  1234 | D:2      | Reached skill level 1 in Staves
  1234 | D:2      | Reached skill level 1 in Slings
  1234 | D:2      | Reached skill level 1 in Bows
  1234 | D:2      | Reached skill level 1 in Crossbows
  1234 | D:2      | Reached skill level 1 in Throwing
  1234 | D:2      | Reached skill level 1 in Stealth
  1234 | D:2      | Reached skill level 1 in Shields
  1234 | D:2      | Reached skill level 1 in Unarmed Combat
  1234 | D:2      | Reached skill level 1 in Spellcasting
  1234 | D:2      | Reached skill level 1 in Evocations
  1409 | D:2      | Reached XP level 4. HP: 30/41 MP: 7/7
  1850 | D:3      | Reached skill level 1 in Conjurations
  1850 | D:3      | Reached skill level 1 in Hexes
  1850 | D:3      | Reached skill level 1 in Summonings
  1850 | D:3      | Reached skill level 1 in Necromancy
  1850 | D:3      | Reached skill level 1 in Translocations
  1850 | D:3      | Reached skill level 1 in Transmutations
  1850 | D:3      | Reached skill level 1 in Fire Magic
  1850 | D:3      | Reached skill level 1 in Ice Magic
  1850 | D:3      | Reached skill level 1 in Air Magic
  1850 | D:3      | Reached skill level 1 in Earth Magic
  1850 | D:3      | Reached skill level 1 in Poison Magic
  1942 | D:3      | Found a sacrificial altar of Ru.
  2022 | D:3      | Noticed Natasha
  2035 | D:3      | Killed Natasha
  2035 | D:3      | Reached ** piety under Lugonu
  2036 | D:3      | Reached XP level 5. HP: 33/47 MP: 8/8
  2129 | D:3      | Noticed Ijyb
  2147 | D:3      | Killed Ijyb
  2557 | D:3      | Found a runed translucent door.
  2558 | D:3      | Noticed Crazy Yiuf
  2769 | D:3      | Found a snail-covered altar of Cheibriados.
  2800 | D:3      | Found a glowing silver altar of Zin.
  3424 | D:3      | Killed Crazy Yiuf
  3425 | D:3      | Reached skill level 5 in Invocations
  3656 | D:4      | Reached XP level 6. HP: 45/53 MP: 9/9
  3781 | D:4      | Found a white marble altar of Elyvilon.
  4109 | D:4      | Reached skill level 5 in Axes
  4109 | D:4      | Reached skill level 5 in Armour
  4241 | D:4      | Found a burning altar of Makhleb.
  4241 | D:4      | Noticed a blizzard demon
  4314 | D:4      | Found a shimmering altar of Xom.
  4314 | D:4      | Found an ornate altar of the Wu Jian Council.
  4343 | D:4      | Found a broken altar of Ashenzari.
  4345 | D:4      | Found a glowing golden altar of the Shining One.
  4877 | D:5      | Entered Level 5 of the Dungeon
  4895 | D:5      | Noticed a necrophage
  4899 | D:5      | Killed a necrophage
  4900 | D:5      | Reached skill level 7 in Fighting
  4900 | D:5      | Reached XP level 7. HP: 60/60 MP: 10/10
  5270 | D:5      | Reached XP level 8. HP: 46/67 MP: 12/12
  5462 | D:5      | Reached *** piety under Lugonu
  5840 | D:6      | Found an opulent altar of Gozag.
  6456 | D:6      | Reached XP level 9. HP: 68/72 MP: 14/14
  6598 | D:6      | Noticed Duvessa
  6599 | D:6      | Noticed Dowan
  6607 | D:6      | Killed Duvessa
  6614 | D:6      | Killed Dowan
  7110 | D:6      | Noticed Prince Ribbit
  7128 | D:6      | Killed Prince Ribbit
  7129 | D:6      | Reached skill level 5 in Dodging
  7340 | D:6      | Reached **** piety under Lugonu
  7429 | D:7      | Reached skill level 8 in Fighting
  7606 | D:7      | Noticed a boulder beetle
  7613 | D:7      | Banished a boulder beetle
  7614 | D:7      | Reached XP level 10. HP: 57/80 MP: 17/17
  7738 | D:7      | Reached skill level 5 in Short Blades
  7738 | D:7      | Reached skill level 5 in Long Blades
  7738 | D:7      | Reached skill level 5 in Maces & Flails
  7738 | D:7      | Reached skill level 5 in Polearms
  7738 | D:7      | Reached skill level 5 in Staves
  7738 | D:7      | Reached skill level 5 in Slings
  7738 | D:7      | Reached skill level 5 in Bows
  7738 | D:7      | Reached skill level 5 in Crossbows
  7738 | D:7      | Reached skill level 5 in Throwing
  7738 | D:7      | Reached skill level 5 in Stealth
  7738 | D:7      | Reached skill level 5 in Shields
  7738 | D:7      | Reached skill level 5 in Unarmed Combat
  7738 | D:7      | Reached skill level 5 in Spellcasting
  7738 | D:7      | Reached skill level 5 in Evocations
  7970 | D:7      | Found a staircase to the Ecumenical Temple.
  8291 | D:8      | Noticed Harold
  8301 | D:8      | Banished Harold
  8321 | D:8      | Noticed a manticore
  8345 | D:8      | Killed a manticore
  8354 | D:8      | Noticed Pikel
  8370 | D:8      | Banished Pikel
  8396 | D:8      | Noticed Psyche
  8410 | D:8      | Killed Psyche
  9188 | D:8      | Found a staircase to the Lair.
  9557 | D:9      | Noticed an orc knight
  9562 | D:9      | Reached XP level 11. HP: 63/87 MP: 19/19
  9574 | D:9      | Slain by an orc knight

Illustrated notes

Levels and vault maps discovered:
D:1:      amcnicky_arrival_abandoned_market, layout_loops_ring,
          minmay_pentomino_x4
D:2:      layout_basic
D:3:      layout_loops_corners, mainiacjoe_overflow_two_lobes,
          nicolae_ru_great_annihilating_truth, minmay_stone_trees_medium,
          uniq_natasha, uniq_crazy_yiuf_cottage, uniq_ijyb
D:4:      layout_basic, makhleb_altar_promises_db,
          mainiacjoe_overflow_small_starburst,
          chequers_temple_overflow_statue_of_worship
D:5:      layout_loops_ring, nrook_mini_backslash, hex_medium,
          kennysheep_generic_room_16
D:6:      minmay_inner_zag, layout_cave_pods, nicolae_gozag_seed_capital,
          kennysheep_generic_room_14, uniq_prince_ribbit1, uniq_duvessa
D:7:      layout_rooms, minmay_temple_entry_butterflies, nrook_loot_triangle,
          chequers_serial_rivers_room_b
D:8:      layout_cave_pools, david_lair_shrubbed, st_stairs_7,
          grunt_ministairs_3, uniq_psyche, uniq_pikel, uniq_harold
D:9:      layout_basic, mainiacjoe_overflow_tiny_flanked,
          mainiacjoe_overflow_concentric_impassable, kennysheep_island_fort

Skill      XL: |  1  2  3  4  5  6  7  8  9 10 |
---------------+-------------------------------+-----
Short Blades   | 1 2 3 4 5 |  5.8
Long Blades    | 1 2 3 4 5 |  5.8
Maces & Flails | 1 2 3 4 5 |  5.8
Polearms       | 1 2 3 4 5 |  5.8
Staves         | 1 2 3 4 5 |  5.8
Slings         | 1 2 3 4 5 |  5.8
Bows           | 1 2 3 4 5 |  5.8
Crossbows      | 1 2 3 4 5 |  5.8
Throwing       | 1 2 3 4 5 |  5.8
Stealth        | 1 2 3 4 5 |  5.8
Shields        | 1 2 3 4 5 |  5.8
Unarmed Combat | 1 2 3 4 5 |  5.8
Spellcasting   | 1 2 3 4 5 |  5.8
Evocations     | 1 2 3 4 5 |  5.8
Conjurations   | 1 2 3 4 |  4.8
Hexes          | 1 2 3 4 |  4.8
Summonings     | 1 2 3 4 |  4.8
Necromancy     | 1 2 3 4 |  4.8
Translocations | 1 2 3 4 |  4.8
Transmutations | 1 2 3 4 |  4.8
Fire Magic     | 1 2 3 4 |  4.8
Ice Magic      | 1 2 3 4 |  4.8
Air Magic      | 1 2 3 4 |  4.8
Earth Magic    | 1 2 3 4 |  4.8
Poison Magic   | 1 2 3 4 |  4.8
Dodging        | 3 4 5 6 |  6.4
Invocations    | 5 6 7 |  7.9
Axes           | 5 6 7 |  7.5
Armour         | 5 6 7 |  7.5
Fighting       | 7 8 |  8.9

Action                   |  1- 3 |  4- 6 |  7- 9 | 10-12 || total
-------------------------+-------+-------+-------+-------++-------
Melee: Hand axe          |    99 |   233 |   173 |   109 ||   614
       Bite              |    14 |    24 |    21 |    15 ||    74
       Punch             |     1 |     8 |     3 |     1 ||    13
Throw: Dart              |       |     4 |       |    13 ||    17
Invok: Depart the Abyss  |     1 |       |       |       ||     1
  Use: Scroll            |     1 |     6 |     7 |     1 ||    15
       Potion            |       |     1 |     1 |     2 ||     4
 Stab: Invisible         |       |     1 |       |       ||     1
       Paralysed         |       |     1 |       |       ||     1
Armor: Scale mail        |    11 |       |       |       ||    11
       Chain mail        |    42 |   109 |   118 |    63 ||   332
Dodge: Dodged            |    39 |    65 |    62 |    38 ||   204
Block: Other             |     9 |    51 |    51 |    20 ||   131
       Reflection        |       |       |     4 |     3 ||     7

Table legend: (Time is in decaauts)
 A = Elapsed time spent in this place.
 B = Non-inter-level travel time spent in this place.
 C = Inter-level travel time spent in this place.
 D = Time resting spent in this place.
 E = Time spent auto-exploring this place.
 F = Levels seen in this place.
 G = Mean time per level.
                   A        B        C        D        E       F      G
               +--------+--------+--------+--------+--------+-----+--------+
         Total |   9599 |   9367 |    232 |      7 |   7744 |  10 |  959.9 |
       Dungeon |   9599 |   9367 |    232 |      7 |   7744 |   9 | 1066.6 |
         Abyss |      0 |      0 |      0 |      0 |      0 |   1 |    0.0 |
               +--------+--------+--------+--------+--------+-----+--------+

Top non-repeatable levels by time:
     D:3: 1931 daAuts
     D:6: 1577 daAuts
     D:4: 1253 daAuts
     D:8: 1242 daAuts
     D:5: 964 daAuts
     D:2: 884 daAuts
     D:1: 840 daAuts
     D:7: 671 daAuts
     D:9: 233 daAuts
